 Dungeon Crawl Stone Soup version 0.31-a0-1002-g8e65716e6e (webtiles) character file.

Game seed: 1408817627497699873

499 Malachi the Changeling (level 7, -7/36 HPs)
             Began as a Vine Stalker Shapeshifter on Nov 9, 2023.
             Was a Follower of Uskayaw.
             Mangled by pzskc383's ghost (12 damage)
             ... on level 4 of the Dungeon.
             The game lasted 00:04:29 (3142 turns).

Malachi the Changeling (Vine Stalker Shapeshifter)  Turns: 3142, Time: 00:04:30

Health: -7/36      AC:  5    Str: 17    XL:     7   Next: 16%
Magic:  0/8        EV: 12    Int: 10    God:    Uskayaw [*.....]
Gold:   159        SH:  0    Dex: 15    Spells: 6/6 levels left

rFire   . . .        e - +2 dagger (elec)
rCold   . . .        (no shield)
rNeg    . . .        j - +0 ring mail
rPois   +            (helmet currently unavailable)
rElec   .            (cloak currently unavailable)
rCorr   .            (gloves currently unavailable)
SInv    .            (boots currently unavailable)
Will    .....        (no amulet) Stlth
                     g - ring of poison resistance
HPRegen 1.06/turn    (no ring)
MPRegen 0.11/turn

%: guardian spirit
@: confused, beast-form, ambrosia-drunk
A: beast (slay +2), fangs 2, regeneration 1, magic shield, antimagic bite, no
potion heal 2
a: Begin Untransformation, Renounce Religion, Stomp


You were on level 4 of the Dungeon.
You worshipped Uskayaw.
Uskayaw was noncommittal.
You were a hulking beast.
You visited 2 branches of the dungeon, and saw 5 of its levels.

You collected 159 gold pieces.

Inventory:

Hand Weapons
 e - a +2 dagger of electrocution (weapon)
Missiles
 n - 6 atropa-tipped darts
Armour
 j - a +0 ring mail (worn)
Jewellery
 g - a ring of poison resistance (left hand)
Talismans
 c - a beast talisman
 d - a flux talisman
Wands
 v - a wand of mindburst (22)
Scrolls
 p - 2 scrolls of vulnerability
 r - a scroll of revelation
 s - 2 scrolls of teleportation
 u - 2 scrolls of identify
Potions
 b - 2 potions of lignification
 f - 2 potions of haste {unknown}
 h - a potion of heal wounds {unknown}
 k - 3 potions of curing {unknown}
 l - a potion of degeneration {unknown}
 m - a potion of cancellation {unknown}
 o - 3 potions of enlightenment {unknown}
 q - a potion of invisibility {unknown}
 t - a potion of mutation {unknown}


   Skills:
 + Level 3.2 Fighting
 + Level 2.8 Short Blades
 - Level 3.1 Dodging
 - Level 3.1 Unarmed Combat
 + Level 0.8 Invocations
 + Level 4.5 Shapeshifting


You had 6 spell levels left.
You didn't know any spells.
Your spell library was empty.

Dungeon Overview and Level Annotations

Branches:
Dungeon (4/15)             Temple (1/1) D:4

Altars:
Elyvilon
Fedhas
Hepliaklqana
Kikubaaqudgha
Makhleb
Nemelex Xobeh
Ru
Trog
Uskayaw
Vehumet
Wu Jian
Xom
Yredelemnul
Zin
The Shining One

Annotations:
D:4 1 transporter, pzskc383's ghost, novice GrFi


Innate Abilities, Weirdness & Mutations

You are a hulking beast.
Your limbs bulge with bestial killing power. (Slay +2)
You have extremely sharp teeth.
Your natural rate of healing is unusually fast.
When hurt, damage is shared between your health and your magic reserves.
Your bite disrupts and absorbs the magic of your enemies.
Potions cannot restore your health.


Message History

Partly explored, unvisited transporter.
Partly explored, unvisited transporter.
There is a stone staircase leading down here.
Okay, then.
Pzskc383's ghost turns its malevolent gaze towards you.
The crimson imp shouts!
There is a transporter here.
You enter the transporter and appear at another place.
Pzskc383's ghost enters a dispersal trap!
The small abomination blinks!
You blink.
Pzskc383's ghost blinks!
Found a murky grey potion.
You hit pzskc383's ghost but do no damage.
Pzskc383's ghost hits you!
You hear a shout!
You hit pzskc383's ghost but do no damage.
Pzskc383's ghost hits you.
You hit pzskc383's ghost.
Pzskc383's ghost is lightly damaged.
The small abomination hits you but does no damage.
You hit pzskc383's ghost but do no damage.
Pzskc383's ghost is lightly damaged.
The small abomination hits you! Pzskc383's ghost hits you.
You hit pzskc383's ghost but do no damage.
Pzskc383's ghost is lightly damaged.
The small abomination closely misses you.
Pzskc383's ghost hits you!
* * * LOW HITPOINT WARNING * * *
Unknown command.
As you read the scroll of fear, it crumbles to dust.
You assume a fearsome visage.
Pzskc383's ghost is unaffected.
The crimson imp looks frightened!
The small abomination is unaffected. x2
The kobold looks frightened!
The small abomination hits you.
* * * LOW HITPOINT WARNING * * *
The crimson imp blinks!
Pzskc383's ghost barely misses you.
It was a potion of ambrosia.
You are confused.
Your system rejects the healing.
You feel invigorated.
The small abomination barely misses you.
The crimson imp blinks!
Pzskc383's ghost hits you!
You die...

#....## ####.##.###....# ♣.
#....#.. ..#####..### ♣.
#....#©# ^#....#..# ♣.
#...##.## .###.##..### #♣
#..##.^.### 5#..!#.....# #
#..##.55#.##.#..##...#.# ##
#...##W##..#)#.##....#.# ##.
##....###..##xx?#.....#.# #..
##..........#h##.#.....#.###.#
#..........##W##.###...#.....#
#.#....#####...§##.#...#.....#
#.#...##.##..###.§.##.........
#....©#K.....#©##..©#........#
#.#...####.###..##.##..#.....#
#.#......####....###...###.#..
#.#....................# #.#..
#.#..................).# #.#.#


You could see 2 small abominations, pzskc383's ghost and a crimson imp
(fleeing).

Vanquished Creatures
  2 ogres
  A kobold brigand (D:3)
  A hound (D:4)
  A jelly (D:4)
  A gnoll bouda (D:4)
  An iguana (D:4)
  4 gnolls (D:4)
  3 adders
  2 worms
  4 dart slugs
  An orc (D:3)
  6 ball pythons
  7 endoplasms
  A giant cockroach (D:1)
  5 goblins
  4 hobgoblins
  3 quokkas
  3 bats (D:1)
  2 frilled lizards
  24 kobolds
  6 rats
82 creatures vanquished.

Notes
Turn   | Place    | Note
-------+----------+-------------------------------------------
     0 | D:1      | Malachi the Vine Stalker Shapeshifter began the quest for
                  | the Orb.
     0 | D:1      | Reached XP level 1. HP: 9/9 MP: 2/2
    16 | D:1      | Reached skill level 1 in Fighting
    86 | D:1      | Reached XP level 2. HP: 5/14 MP: 1/3
   421 | D:1      | Reached XP level 3. HP: 18/18 MP: 4/4
  1617 | D:3      | Noticed an ogre
  1621 | D:3      | Killed an ogre
  1622 | D:3      | Reached skill level 1 in Short Blades
  1622 | D:3      | Reached XP level 4. HP: 23/23 MP: 5/5
  1622 | D:3      | Reached XP level 5. HP: 26/26 MP: 6/6
  1836 | D:3      | Noticed a kobold brigand
  1844 | D:3      | Killed a kobold brigand
  1845 | D:3      | Reached skill level 4 in Shapeshifting
  1845 | D:3      | Reached XP level 6. HP: 29/32 MP: 7/7
  2460 | D:4      | Found a transporter.
  2472 | D:4      | Found a transporter.
  2475 | D:4      | Noticed pzskc383's ghost (novice GrFi)
  2483 | D:4      | Noticed a small abomination
  2827 | D:4      | Found a staircase to the Ecumenical Temple.
  2885 | Temple   | Entered the Ecumenical Temple
  2914 | Temple   | Became a worshipper of Uskayaw the Reveller
  2940 | D:4      | Reached * piety under Uskayaw
  2968 | D:4      | Reached ** piety under Uskayaw
  3050 | D:4      | Reached XP level 7. HP: 36/36 MP: 8/8
  3142 | D:4      | Mangled by pzskc383's ghost

Illustrated notes

Levels and vault maps discovered:
D:1:      amcnicky_arrival_gap_in_the_tavern_cellar, layout_basic,
          grunt_decor_cap, minivault_5, minmay_pentomino_z2
D:2:      layout_loops_cross, grunt_decor_one_mirror
D:3:      cheibrodos_thug_alley, layout_basic, minmay_three_crescents
D:4:      layout_loops_ring, minmay_temple_entry_enclosed_plants,
          gammafunk_ghost_abyssal_escape, kennysheep_small_square
Temple:   hellmonk_temple_two_chambers

Skill      XL: |  1  2  3  4  5  6 |
---------------+-------------------+-----
Fighting       | 1 2 3 |  3.2
Dodging        | 2 3 |  3.1
Short Blades   | 1 2 |  2.8
Shapeshifting  | 4 |  4.5
Unarmed Combat | |  3.1
Invocations    | |  0.8

Action                     |  1- 3 |  4- 6 |  7- 9 || total
---------------------------+-------+-------+-------++-------
  Melee: Unarmed           |    26 |       |       ||    26
         Bite              |    12 |    31 |       ||    43
         Dagger            |    69 |    96 |     5 ||   170
         Punch             |     2 |     4 |       ||     6
    Use: Scroll            |     4 |     3 |     1 ||     8
         Potion            |       |       |     1 ||     1
   Stab: Sleeping          |     4 |       |       ||     4
 Armour: Animal skin       |    24 |       |       ||    24
         Ring mail         |    12 |    59 |     8 ||    79
  Dodge: Dodged            |    50 |    45 |     3 ||    98

Table legend: (Time is in decaauts)
 A = Elapsed time spent in this place.
 B = Non-inter-level travel time spent in this place.
 C = Inter-level travel time spent in this place.
 D = Time resting spent in this place.
 E = Time spent auto-exploring this place.
 F = Levels seen in this place.
 G = Mean time per level.
                   A        B        C        D        E       F      G
               +--------+--------+--------+--------+--------+-----+--------+
         Total |   3135 |   2994 |    141 |     18 |   2411 |   5 |  627.0 |
       Dungeon |   3100 |   2964 |    136 |     18 |   2411 |   4 |  775.0 |
        Temple |     35 |     30 |      5 |      0 |      0 |   1 |   35.0 |
               +--------+--------+--------+--------+--------+-----+--------+

Top non-repeatable levels by time:
     D:1: 987 daAuts
     D:3: 874 daAuts
     D:4: 663 daAuts
     D:2: 574 daAuts
  Temple: 35 daAuts
